 Dungeon Crawl Stone Soup version 0.31-a0-986-g5e6e4ef867 (webtiles) character file.

Game seed: 9768967682366862972

215004 sasquatch the Severer (level 19, -6/157 HPs)
             Began as a Formicid Fighter on June 5, 2023.
             Was the Champion of the Shining One.
             Killed from afar by a merfolk aquamancer (33 damage)
             ... with a ball of steam
             ... on level 1 of the Shoals on Nov 6, 2023.
             The game lasted 01:17:35 (27389 turns).

sasquatch the Severer (Formicid Fighter)           Turns: 27389, Time: 01:17:36

Health: -6/157     AC: 20    Str: 27    XL:     19   Next: 73%
Magic:  28/28      EV: 13    Int: 16    God:    the Shining One [******]
Gold:   2065       SH: 13    Dex: 13    Spells: 18/18 levels left

rFire   . . .        h - +5 battleaxe (heavy)
rCold   . . .        E - +0 kite shield
rNeg    + + +        c - +5 scale mail "Soj Ufyi" {+Blink}
rPois   +            (helmet unavailable)
rElec   .            U - scarf {repulsion}
rCorr   +            M - +2 pair of gloves {Str+3}
SInv    +            r - +0 pair of boots {Fly}
Will    ++++.        W - amulet of regeneration
Stlth   +            x - ring of poison resistance
HPRegen 1.26/turn    L - ring of Generosity {Will+++ rCorr Str-3 Int+6 Stlth+}
MPRegen 0.21/turn

%: repel missiles
@: lethally poisoned (-6 -> -7), flying, glowing
A: permanent stasis, dig shafts and tunnels, antennae 3, four strong arms
}: 1/15 runes: gossamer
a: Dig, Shaft Self, Renounce Religion, Divine Shield, Cleansing Flame, Summon
Divine Warrior, Brand Weapon With Holy Wrath


You were on level 1 of the Shoals.
You worshipped the Shining One.
The Shining One was exalted by your worship.
You visited 6 branches of the dungeon, and saw 26 of its levels.
You visited the Abyss 1 time.
You also visited: Ossuary, Bailey and Ice Cave.

You collected 2754 gold pieces.
You spent 689 gold pieces at shops.

Inventory:

Hand Weapons
 h - a +5 heavy battleaxe (weapon)
 R - a +2 eveningstar of freezing
Missiles
 y - 14 throwing nets
 A - 10 silver javelins
 B - 5 javelins
 N - 11 curare-tipped darts (quivered)
Armour
 c - the +5 scale mail "Soj Ufyi" (worn) {+Blink}
   (You found it on level 6 of the Dungeon)

   +Blink:    It lets you blink.
 r - a +0 pair of boots of flying (worn)
 E - a +0 kite shield (worn)
 M - a +2 pair of gloves of strength (worn)
 O - a +2 buckler of cold resistance
 S - a +0 plate armour of cold resistance
 U - a scarf of repulsion (worn)
Jewellery
 a - a ring of fire
 b - a +5 ring of evasion
 x - a ring of poison resistance (left hand)
 L - the ring of Generosity (right hand) {Will+++ rCorr Str-3 Int+6 Stlth+}
   (You acquired it on level 8 of the Dungeon)

   [ring of intelligence]

   Str-3:     It affects your strength (-3).
   Int+6:     It affects your intelligence (+6).
   Will+++:   It greatly increases your willpower.
   rCorr:     It protects you from acid and corrosion.
   Stlth+:    It makes you more stealthy.
 P - a ring of protection from cold
 W - an amulet of regeneration (around neck)
Talismans
 Y - a dragon-blood talisman
Wands
 n - a wand of charming (50)
 C - a wand of polymorph (23)
 F - a wand of mindburst (37)
 G - a wand of acid (19)
 Q - a wand of flame (28)
 V - a wand of iceblast (8)
Scrolls
 e - 4 scrolls of revelation
 s - 3 scrolls of poison
 u - 2 scrolls of enchant armour
 v - 7 scrolls of silence
 w - a scroll of vulnerability
 D - 4 scrolls of enchant weapon
 H - 2 scrolls of summoning
 K - 4 scrolls of fear
 X - 4 scrolls of identify
 Z - 3 scrolls of fog
Potions
 d - 6 potions of might
 g - 4 potions of lignification
 i - 6 potions of ambrosia
 j - a potion of magic
 k - 3 potions of mutation
 l - 12 potions of curing
 m - 3 potions of attraction
 o - a potion of cancellation
 p - 8 potions of heal wounds
 t - 3 potions of enlightenment
 z - 7 potions of brilliance
 I - a potion of invisibility
 J - a potion of resistance


   Skills:
 - Level 16.0 Fighting
 - Level 20.0 Axes
 - Level 16.0 Armour
 - Level 8.0 Dodging
 + Level 14.2 Shields
 - Level 12.0 Invocations


You had 18 spell levels left.
You didn't know any spells.
Your spell library contained the following spells:

 Spells                   Type           Power      Damage    Failure   Level
 Magic Dart               Conj           0%         1d3       54%         1
 Sandblast                Erth           0%         2d4       54%         1
 Shock                    Conj/Air       0%         1d3       54%         1
 Slow                     Hex            0%         N/A       54%         1
 Call Imp                 Summ           0%         N/A       67%         2
 Lesser Beckoning         Tloc           0%         N/A       67%         2
 Momentum Strike          Conj/Tloc      0%         3d8       67%         2
 Passwall                 Tmut/Erth      0%         N/A       67%         2
 Searing Ray              Conj           0%         2d4       67%         2
 Confusing Touch          Hex            0%         N/A       88%         3
 Dazzling Flash           Conj/Hex       0%         N/A       88%         3
 Ignite Poison            Fire/Tmut/Pois 0%         N/A       88%         3
 Mephitic Cloud           Conj/Pois/Air  0%         N/A       88%         3
 Ozocubu's Armour         Ice            0%         N/A       88%         3
 Portal Projectile        Hex/Tloc       0%         N/A       88%         3
 Stone Arrow              Conj/Erth      0%         3d7       88%         3
 Summon Guardian Golem    Hex/Summ       0%         N/A       88%         3
 Tukima's Dance           Hex            0%         N/A       88%         3
 Vampiric Draining        Necr           0%         2d6       88%         3
 Airstrike                Air            0%         2d(0-16)  99%         4
 Fulminant Prism          Conj/Hex       0%         3d5       99%         4
 Manifold Assault         Tloc           0%         N/A       99%         4
 Sticky Flame             Conj/Fire      0%         2d3       99%         4
 Agony                    Necr           0%         N/A       100%        5
 Metabolic Englaciation   Hex/Ice        0%         N/A       100%        5
 Silence                  Hex/Air        0%         N/A       100%        5
 Simulacrum               Ice/Necr       0%         N/A       100%        6
 Orb of Destruction       Conj           0%         9d5       100%        7
 Ozocubu's Refrigeration  Ice            0%         4d7       100%        7
 Spellforged Servitor     Conj/Summ      0%         N/A       100%        7
 Ignition                 Fire           0%         3d3       100%        8
 Polar Vortex             Ice            0%         N/A       100%        9
 Blink                    Tloc           Unusable   N/A       N/A         2
 Swiftness                Air            Unusable   N/A       N/A         3

Dungeon Overview and Level Annotations

Branches:
Dungeon (12/15)            Temple (1/1) D:6            Lair (5/5) D:10
 Shoals (2/4) Lair:3       Spider (4/4) Lair:3        Slime (0/5) Lair:5
    Orc (2/2) D:11            Elf (0/3) Orc:2       Ossuary (visited)
 Bailey (visited)           IceCv (visited)

Altars:
Ashenzari
Cheibriados
Dithmenos
Elyvilon
Fedhas
Gozag
Makhleb
Nemelex Xobeh
Okawaru
Qazlal
Ru
Sif Muna
Trog
Uskayaw
Vehumet
Wu Jian
Xom
Yredelemnul
Zin
The Shining One
Lugonu

Shops:
D:2 :   D:6 !(   D:7 [   D:9 (   D:10 *   Orc:2 *=![

Portals:
Abyss: Lair:2
Pandemonium: Orc:2

Annotations:
Lair:1 2 transporters, jlumianski's ghost, journeyman DjFE
Spider:4 exclusion: door


Innate Abilities, Weirdness & Mutations

You cannot be hasted, slowed, berserked, paralysed or teleported.
You can dig through walls and to a lower floor.
You have a pair of large antennae on your head. (SInv)
Your four strong arms can wield two-handed weapons with a shield.


Message History

The merfolk throws a boomerang.
You block the boomerang.
Unknown command.
A merfolk comes into view. It is wielding a +0 spear.
The merfolk throws a boomerang.
You block the boomerang. You block the merfolk impaler's attack.
The merfolk aquamancer is engulfed in a cloud of scalding steam. x2
You block the merfolk impaler's attack.
The merfolk throws a boomerang.
The boomerang hits you!
The merfolk aquamancer attacks as it pursues you!
The merfolk aquamancer barely misses you.
You block the merfolk impaler's attack.
There is a stone staircase leading up, spattered with blood here.
Unknown command.
The merfolk shouts!
The merfolk barely misses you.
The merfolk impaler hits you from afar with a +0 trident!
The merfolk hits you from afar with a +0 spear!
The merfolk aquamancer completely misses you.
You block the merfolk impaler's attack.
The merfolk hits you from afar with a +1 glaive of venom.
You are poisoned.
You fly upwards.
You feel very sick.
There is a stone staircase leading down here.
You are too injured to fight recklessly!
Unknown command.
You barely miss the merfolk aquamancer.
The merfolk aquamancer is lightly wounded.
You feel sick.
The merfolk aquamancer points at you and mumbles some strange words.
The ball of steam hits you!!
* * * LOW HITPOINT WARNING * * *
Unknown command.
You slice the merfolk aquamancer!!
The merfolk aquamancer is heavily wounded.
You are engulfed in a cloud of scalding steam.
You feel sick.
The merfolk aquamancer casts a spell at you.
The ball of steam hits you!!
You die...

≈~~P~~~..P~........# ##..P.P~~~.
≈~~~..........[....# ###..P(~~.
~~~~.###...##......# ##P....#
~~~.## ##....#.....## ###......
~~~.## #.....#......# ##........
~~~..###....##.§.§~~####.....##..
~~~~~~.....##...§§..........###..
~≈≈~~.######.))§§.....~.....####.
≈≈≈~~~#..)##)..#@.......~~.~.# #.
~~~~~~#.[##....#m~........~~.###.
~~~~~~#.)'...P.##~~...~.........~
~~~~~~#?##...#.~#~~....~~~~....~≈
~~~~~~###~....~~##~....~~~~~~~≈≈≈
~~~~~.##.~~#~~~.^#......~~..~~≈≈≈
~~~~~.##.#~~~....#..........~~~≈≈
~....~#÷P..#~~...#...........~~~≈
~~....#_.....~~~~.............~~≈


You could see a merfolk aquamancer.

Vanquished Creatures
  Bai Suzhen (Spider:3)
  The ghost of Foiton the Dancer, an adept DsCj of Uskayaw (Spider:3)
  3 emperor scorpions
  3 ghost moths
  A reaper (IceCv)
  5 broodmothers
  The ghost of Cusykhlelepp the Spry, a journeyman FeSu of Gozag (Spider:2)
  2 spark wasps (Spider:3)
  A minotaur (Shoals:1)
  A merfolk javelineer (Shoals:1)
  9 entropy weavers
  A merfolk impaler (Shoals:1)
  An ogre mage (Orc:1)
  2 demonspawn (Orc:2)
  5 radroaches
  2 catoblepae
  4 boulder beetles
  A merfolk avatar (Shoals:1)
  2 jorogumos
  2 satyrs
  A deep troll shaman (Lair:5)
  2 two-headed ogres
  5 orc high priests
  8 death yaks
  7 demonic crawlers
  A soul eater (Abyss:2)
  2 shadow wraiths (Abyss:2)
  A wretched star (Abyss:2)
  A sixfirhy (Abyss:2)
  11 pharaoh ants
  3 sun moths
  4 sea snakes
  A spectral spark wasp (Spider:3)
  8 orb spiders
  A flayed ghost (Abyss:2)
  A glowing orange brain (Abyss:2)
  6 orc knights
  11 steelbarb worms
  A lindwurm (Lair:5)
  2 spectral radroaches (Spider:3)
  An oklob plant (Lair:3)
  12 fauns
  7 moths of wrath
  24 wolf spiders
  21 elephants
  11 orc sorcerers
  4 manticores
  An ugly thing (D:11)
  2 emperor scorpion simulacra (Spider:3)
  2 water nymphs
  4 black mambas
  8 torpor snails
  12 cane toads
  A smoke demon (Orc:2)
  2 ice statues (IceCv)
  An orange demon (Orc:2)
  2 rime drakes
  An anaconda simulacrum (IceCv)
  5 komodo dragons
  4 kobold demonologists (D:11)
  7 ice devils (IceCv)
  3 ghost moth simulacra (Spider:3)
  A spark wasp simulacrum (Spider:3)
  7 meliai
  A merfolk (Shoals:1)
  3 wind drakes
  4 trolls
  A hornet (D:8)
  5 polar bears
  33 tarantellas
  4 snapping turtles
  8 blink frogs
  40 jumping spiders
  6 dream sheep (Lair:4)
  22 culicivoras
  4 shadows
  2 wraiths
  5 water elementals
  7 wyverns
  34 yaks
  An air elemental (Abyss:2)
  Eustachio (D:5)
  5 vampire mosquitoes
  2 starcursed masses (Abyss:2)
  A basilisk (Lair:1)
  A dire elephant simulacrum (IceCv)
  A steam dragon (D:6)
  4 death yak simulacra (IceCv)
  A neqoxec (Orc:2)
  82 redbacks
  2 wargs (Orc:2)
  2 large abominations (Abyss:2)
  2 two-headed ogre zombies (D:11)
  A harpy simulacrum (IceCv)
  18 water moccasins
  3 acid dragons
  Duvessa (D:4)
  A glass eye (Orc:1)
  32 orc warriors
  An ice beast (D:6)
  2 sky beasts (D:8)
  5 ogres
  Pargi (D:3)
  3 black bears
  A phantom (D:11)
  16 wolves
  2 centaurs
  A kobold brigand (D:7)
  Blork the orc (D:5)
  6 bullfrogs
  3 gnoll sergeants
  3 two-headed ogre simulacra (IceCv)
  3 scorpions (D:5)
  7 wights
  Dowan (D:4)
  3 killer bees (D:9)
  2 troll zombies (D:11)
  10 howler monkeys
  2 bullfrog zombies (Ossuary)
  5 centaur zombies (Ossuary)
  A jelly (D:7)
  Crazy Yiuf (D:3)
  9 hounds
  3 gnoll boudas
  29 orc priests
  A sleepcap (D:6)
  Jessica (D:3)
  2 iguanas
  25 orc wizards
  A scorpion zombie (Ossuary)
  A polar bear simulacrum (IceCv)
  4 spriggan simulacra (IceCv)
  3 troll simulacra (IceCv)
  A wolf simulacrum (IceCv)
  3 small abominations (Abyss:2)
  4 ogre zombies (D:11)
  47 gnolls
  3 adders
  A shadow imp (D:6)
  4 white imps
  3 ufetubi (IceCv)
  4 adder zombies (Ossuary)
  A worm (D:3)
  2 dart slugs (D:3)
  60 orcs
  4 bats (D:2)
  5 endoplasms
  7 giant cockroaches
  10 goblins
  9 hobgoblins
  7 jackals
  21 kobolds
  3 quokkas
  3 training dummies (D:6)
  9 ball pythons
  2 frilled lizards
  5 gnoll zombies (Ossuary)
  5 goblin zombies
  A hobgoblin skeleton (D:11)
  5 hobgoblin zombies
  3 orc skeletons (D:11)
  21 orc zombies
  6 rats
  A rat zombie (D:4)
  A spectral kobold (D:3)
  2 butterflies
1030 creatures vanquished.

Vanquished Creatures (collateral kills)
  2 kobolds (Bailey)
2 creatures vanquished.

Vanquished Creatures (others)
  A small abomination (Abyss:2)
  A lurking horror (Lair:2)
2 creatures vanquished.

Grand Total: 1034 creatures vanquished

Notes
Turn   | Place    | Note
-------+----------+-------------------------------------------
     0 | D:1      | sasquatch the Formicid Fighter began the quest for the Orb.
     0 | D:1      | Reached XP level 1. HP: 18/18 MP: 1/1
    32 | D:1      | Reached XP level 2. HP: 4/24 MP: 2/2
   272 | D:1      | Reached XP level 3. HP: 29/29 MP: 3/3
   764 | D:2      | Found Bixade's Book Shoppe.
   986 | D:2      | Reached skill level 3 in Axes
  1274 | D:3      | Reached XP level 4. HP: 26/36 MP: 4/4
  1362 | D:3      | Noticed Pargi
  1391 | D:3      | Killed Pargi
  1392 | D:3      | Reached skill level 4 in Axes
  1392 | D:3      | Reached XP level 5. HP: 26/41 MP: 5/5
  1564 | D:3      | Reached skill level 5 in Axes
  1682 | D:3      | Reached XP level 6. HP: 40/47 MP: 6/6
  1811 | D:3      | Found a faded altar of an unknown god.
  1983 | D:3      | Noticed Jessica
  1992 | D:3      | Killed Jessica
  2165 | D:3      | Found a runed translucent door.
  2166 | D:3      | Noticed Crazy Yiuf
  2177 | D:3      | Killed Crazy Yiuf
  2178 | D:3      | Reached skill level 6 in Axes
  2266 | D:4      | Noticed Dowan
  2280 | D:4      | Noticed Duvessa
  2303 | D:4      | Killed Dowan
  2304 | D:4      | Killed Duvessa
  2305 | D:4      | Reached XP level 7. HP: 25/52 MP: 7/7
  2486 | D:4      | Reached skill level 7 in Axes
  2589 | D:4      | Found a sand-covered staircase.
  2598 | Ossuary  | Entered an ossuary
  2698 | Ossuary  | Reached skill level 8 in Axes
  2720 | Ossuary  | Reached XP level 8. HP: 53/59 MP: 8/8
  2798 | Ossuary  | Noticed a wraith
  2822 | Ossuary  | Killed a wraith
  2823 | Ossuary  | Reached skill level 9 in Axes
  2879 | Ossuary  | Noticed a silent spectre
  2939 | D:4      | Found an ornate altar of the Wu Jian Council.
  2949 | D:4      | Found a blossoming altar of Fedhas.
  3629 | D:5      | Entered Level 5 of the Dungeon
  3759 | D:5      | Noticed Blork the orc
  3776 | D:5      | Killed Blork the orc
  3864 | D:5      | Found a snail-covered altar of Cheibriados.
  3911 | D:5      | Noticed Eustachio
  3951 | D:5      | Killed Eustachio
  3952 | D:5      | Reached skill level 10 in Axes
  3952 | D:5      | Reached XP level 9. HP: 49/64 MP: 9/9
  4237 | D:5      | Found a hide-covered altar of Uskayaw.
  4608 | D:5      | Reached skill level 11 in Axes
  4608 | D:5      | Found a broken altar of Ashenzari.
  4713 | D:6      | Found Xoxu Uki's Distillery.
  5062 | D:6      | Found Ozext's Firing Range.
  5091 | D:6      | Bought 2 throwing nets for 72 gold pieces
  5091 | D:6      | Bought a throwing net for 36 gold pieces
  5157 | D:6      | Reached skill level 12 in Axes
  5264 | D:6      | Found a staircase to the Ecumenical Temple.
  5278 | Temple   | Entered the Ecumenical Temple
  5423 | Temple   | Became a worshipper of the Shining One
  5565 | D:6      | Upgraded the game from 0.31-a0-145-g046c7d2549 to
                  | 0.31-a0-149-g3fdcc5976a
  5996 | D:6      | Reached XP level 10. HP: 63/68 MP: 10/10
  6086 | D:6      | Reached skill level 5 in Shields
  6237 | D:6      | Identified the +5 scale mail "Soj Ufyi" {+Blink}
  6520 | D:7      | Reached skill level 13 in Axes
  6589 | D:7      | Reached * piety under the Shining One
  7059 | D:7      | Found Ziaduis's Armour Shop.
  7264 | D:7      | Found a stormy altar of Qazlal.
  7345 | D:8      | Found a flagged portal.
  7515 | Bailey   | Entered a bailey
  7520 | Bailey   | Noticed an orc warlord
  7544 | Bailey   | Noticed an orc knight
  7554 | Bailey   | Killed an orc knight
  7888 | Bailey   | Found a runed translucent gate.
  7888 | Bailey   | Found a runed translucent gate.
  7888 | Bailey   | Found a runed translucent gate.
  8076 | D:8      | Acquired the ring of Generosity {Will+++ rCorr Str-3 Int+6
                  | Stlth+}
  8189 | D:7      | Bought a +0 pair of gloves of strength for 161 gold pieces
  8243 | D:8      | Reached skill level 14 in Axes
  8427 | D:8      | Reached XP level 11. HP: 75/75 MP: 11/11
  8439 | D:8      | Found a sparkling altar of Nemelex Xobeh.
  8845 | D:9      | Reached skill level 10 in Shields
  8959 | D:9      | Found a radiant altar of Vehumet.
  9059 | D:9      | Found Yraffar's Weapon Shop.
  9148 | D:9      | Noticed a two-headed ogre
  9155 | D:9      | Killed a two-headed ogre
  9371 | D:9      | Reached ** piety under the Shining One
  9522 | D:9      | Found a burning altar of Makhleb.
  9828 | D:9      | Found a white marble altar of Elyvilon.
  9930 | D:10     | Entered Level 10 of the Dungeon
  9972 | D:10     | Reached skill level 15 in Axes
 10146 | D:10     | Reached XP level 12. HP: 66/82 MP: 12/12
 10215 | D:10     | Noticed a two-headed ogre
 10227 | D:10     | Killed a two-headed ogre
 10228 | D:10     | Reached skill level 16 in Axes
 10357 | D:10     | Found Acyh's General Store.
 10384 | D:10     | Found a staircase to the Lair.
 10587 | Lair:1   | Entered Level 1 of the Lair of Beasts
 10670 | Lair:1   | Noticed Sonja
 10676 | Abyss:2  | Noticed a shadow wraith
 10676 | Abyss:2  | Found a corrupted altar of Lugonu.
 10676 | Abyss:2  | Cast into level 2 of the Abyss (Sonja)
 10679 | Abyss:2  | Noticed a shadow wraith
 10683 | Abyss:2  | Killed a shadow wraith
 10691 | Abyss:2  | Killed a shadow wraith
 10731 | Abyss:2  | Noticed a starcursed mass
 10742 | Abyss:2  | Killed a starcursed mass
 10742 | Abyss:2  | Noticed a soul eater
 10747 | Abyss:2  | Killed a soul eater
 10747 | Abyss:2  | Reached *** piety under the Shining One
 10748 | Abyss:2  | Reached skill level 17 in Axes
 10771 | Abyss:2  | Noticed a starcursed mass
 10806 | Abyss:2  | Noticed a flayed ghost
 10811 | Abyss:2  | Killed a flayed ghost
 10831 | Abyss:2  | Noticed a large abomination
 10873 | Abyss:2  | Noticed a wretched star
 10879 | Abyss:2  | Killed a wretched star
 10906 | Abyss:2  | Noticed a sixfirhy
 10912 | Abyss:2  | Killed a sixfirhy
 10932 | Abyss:2  | Reached skill level 1 in Dodging
 10942 | Abyss:2  | Noticed a glowing orange brain
 10944 | Abyss:2  | Noticed a starcursed mass
 10945 | Abyss:2  | Killed a glowing orange brain
 10945 | Abyss:2  | Noticed a large abomination
 10948 | Lair:1   | Escaped the Abyss
 10949 | Lair:1   | Sonja changed into Sonja the water moccasin
 10949 | Lair:1   | Noticed Sonja
 10954 | Lair:1   | Killed Sonja the water moccasin
 11172 | Lair:1   | Reached skill level 5 in Armour
 11172 | Lair:1   | Reached XP level 13. HP: 80/87 MP: 13/13
 11660 | Lair:1   | Reached **** piety under the Shining One
 11660 | Lair:1   | Noticed jlumianski's ghost (journeyman DjFE)
 11684 | Lair:1   | Found a transporter.
 11706 | Lair:1   | Found a transporter.
 11933 | Lair:1   | Found a bloodstained altar of Trog.
 12034 | Lair:2   | Found a frozen archway.
 12045 | IceCv    | Entered an ice cave
 12079 | IceCv    | Reached ***** piety under the Shining One
 12267 | IceCv    | Reached skill level 18 in Axes
 12695 | IceCv    | Noticed a reaper
 12702 | IceCv    | Killed a reaper
 12882 | Lair:2   | Found a one-way gate to the infinite horrors of the Abyss.
 12883 | Lair:2   | Found a corrupted altar of Lugonu.
 13071 | Lair:2   | Noticed a catoblepas
 13072 | Lair:2   | Reached skill level 5 in Dodging
 13086 | Lair:2   | HP: 4/87 [catoblepas (23)]
 13089 | Lair:2   | Killed a catoblepas
 13908 | Lair:3   | Found a hole to the Spider Nest.
 14832 | Lair:3   | Reached XP level 14. HP: 83/93 MP: 14/14
 16047 | Lair:5   | Entered Level 5 of the Lair of Beasts
 16227 | Lair:5   | Reached skill level 19 in Axes
 16488 | Lair:5   | Reached skill level 10 in Armour
 16726 | Lair:5   | Found a staircase to the Slime Pits.
 16749 | Lair:5   | Identified the +9 dagger of the King {freeze, rN+ Will+
                  | Str-2 Stlth+}
 17394 | Lair:5   | Reached XP level 15. HP: 82/98 MP: 15/15
 17770 | D:11     | Reached ****** piety under the Shining One
 17844 | D:11     | Found a staircase to the Orcish Mines.
 18384 | Orc:1    | Entered Level 1 of the Orcish Mines
 18759 | Orc:2    | Entered Level 2 of the Orcish Mines
 19266 | Orc:2    | Reached skill level 5 in Fighting
 19280 | Orc:2    | Found a staircase to the Elven Halls.
 19759 | Orc:2    | Found Mieteral's General Store.
 19770 | Orc:2    | Reached skill level 20 in Axes
 19790 | Orc:2    | Found Pirafauxt's Distillery.
 20488 | Orc:2    | Found Zockount's Jewellery Emporium.
 20488 | Orc:2    | Found Enedofybb's Antique Armour Shoppe.
 20489 | Orc:2    | Found a one-way gate leading to the halls of Pandemonium.
 20495 | Orc:2    | Bought an amulet of regeneration for 420 gold pieces
 20812 | Spider:1 | Entered Level 1 of the Spider Nest
 20824 | Lair:3   | Reached skill level 1 in Invocations
 20994 | Lair:3   | Reached XP level 16. HP: 32/122 MP: 18/18
 20999 | Lair:3   | HP: 1/122 [tarantella simulacrum (8)]
 21096 | Lair:3   | Reached skill level 10 in Fighting
 21329 | Spider:1 | Reached skill level 5 in Invocations
 21605 | Spider:1 | Upgraded the game from 0.31-a0-149-g3fdcc5976a to
                  | 0.31-a0-940-gdaa99269f9
 21634 | Spider:1 | Upgraded the game from 0.31-a0-940-gdaa99269f9 to
                  | 0.31-a0-963-ga325b2283a
 21643 | Spider:1 | Upgraded the game from 0.31-a0-963-ga325b2283a to
                  | 0.31-a0-965-g8a8ce12e04
 21923 | Spider:1 | Upgraded the game from 0.31-a0-965-g8a8ce12e04 to
                  | 0.31-a0-981-geadf994542
 21928 | Spider:1 | Upgraded the game from 0.31-a0-981-geadf994542 to
                  | 0.31-a0-986-g5e6e4ef867
 22247 | Spider:2 | Reached skill level 10 in Invocations
 22675 | Spider:2 | Found a runed translucent gate.
 22676 | Spider:2 | Found a runed translucent gate.
 22676 | Spider:2 | Found a runed translucent gate.
 22693 | Spider:2 | Noticed Cusykhlelepp's ghost (journeyman FeSu)
 22804 | Spider:2 | Killed Cusykhlelepp's ghost
 22937 | Spider:3 | Reached XP level 17. HP: 133/133 MP: 25/25
 23499 | Spider:3 | Found a runed translucent gate.
 23681 | Spider:3 | Found a runed translucent gate.
 23681 | Spider:3 | Found a runed translucent gate.
 23682 | Spider:3 | Noticed Foiton's ghost (adept DsCj)
 24234 | Spider:3 | Killed Foiton's ghost
 24275 | Spider:4 | Entered Level 4 of the Spider Nest
 24282 | Spider:4 | Noticed Bai Suzhen
 24367 | Spider:3 | Killed Bai Suzhen
 24422 | Spider:4 | Reached skill level 15 in Fighting
 25139 | Spider:4 | Reached XP level 18. HP: 151/151 MP: 27/27
 25789 | Spider:4 | Got a gossamer rune of Zot
 25795 | Spider:4 | Identified the -2 pair of gloves of the Buccaneer {rF+ MP-9
                  | Dex+3}
 25925 | Spider:4 | Reached skill level 15 in Armour
 25925 | Spider:4 | Reached XP level 19. HP: 157/157 MP: 28/28
 26042 | Shoals:1 | Identified the "Cugymy"
 26042 | Shoals:1 | Entered Level 1 of the Shoals
 26867 | Shoals:1 | Found a hide-covered altar of Uskayaw.
 27389 | Shoals:1 | Killed from afar by a merfolk aquamancer

Illustrated notes

Levels and vault maps discovered:
D:1:      evilmike_arrival_crescent, layout_loops_ring
D:2:      layout_rooms, serial_shops, shop_fountains
D:3:      layout_basic, dreamdust_ecumenical_altar_drowned_temple,
          uniq_crazy_yiuf_cottage, uniq_pargi, uniq_jessica
D:4:      layout_rooms, pdpol_wu_jian_five_deadly_venoms, fedhas_ov_isle_minmay,
          enter_ossuary_3, grunt_decor_resistance,
          chequers_serial_rivers_large_a, hangedman_decor_peaks_small,
          hangedman_abyss_or_decor_slice, kennysheep_dice, uniq_duvessa
D:5:      layout_loops_ring, mainiacjoe_overflow_six_doors_small,
          cheibriados_altar_1, nicolae_uskayaw_suspiria, uniq_blork_the_orc,
          uniq_eustachio
D:6:      layout_cave_pools, minmay_temple_entry_offerings, serial_gnoll_camp,
          gnoll_camp_mini_loothouse, gnoll_camp_mini_shop, gnoll_camp_medium_01,
          gnoll_camp_mini_doghouse, nicolae_shop_firing_range
D:7:      layout_loops_ring, nicolae_qazlal_eye_of_the_storm, serial_shops,
          shop, st_stairs_9
D:8:      layout_gridville, nicolae_overflow_crystal_walls, enter_bailey_5
D:9:      layout_stronghold, fiery_altar_vehumet, lightli_temple_of_fire,
          mainiacjoe_overflow_alcove_4, serial_shops,
          nicolae_shop_real_fake_doors
D:10:     layout_loops_ring, minmay_lair_entry_grove, serial_shops,
          nicolae_shop_pleasant_corner_grove
D:11:     layout_long_grid, zombieorc2_lemuel, st_stairs_14
D:12:     layout_loops_cross, gammafunk_ghost_mausoleum
Temple:   hc_temple_tempest_star
Lair:1:   layout_cave_pods, gammafunk_ghost_wrathful_warriors,
          grunt_megastairs_3, uniq_sonja
Lair:2:   layout_chaotic_city, portal_ice_cave_entry_pillars_2,
          amcnicky_altar_lugonu_corruption, lemuel_fruit_fields,
          serial_bayou_shore_a, grunt_megastairs_2
Lair:3:   layout_cave_pods, nicolae_shoals_entry_flooding,
          spider_nest_entry_rubble
Lair:4:   layout_hall_layers
Lair:5:   grunt_lair_end_beastmaster, layout_loops_ring, slime_entry_1,
          fungi_pond_lemuel, lemuel_fruit_fields
Shoals:1: layout_shoals, regret_index_shoals_crete
Shoals:2: layout_shoals, ebering_ghost_disaster_area
Spider:1: nicolae_spider_hilbert_zone_5 [nicolae_spider_hilbert_3_sides_1_open,
          nicolae_spider_hilbert_4_sides_1_open,
          nicolae_spider_hilbert_4_sides_1_open,
          nicolae_spider_hilbert_6_sides_1_open,
          nicolae_spider_hilbert_6_sides_1_open],
          nicolae_spider_baby_got_redback
Spider:2: layout_cave_pods, ebering_ghost_rock_garden
Spider:3: layout_chambers, gammafunk_ghost_necromancy
Spider:4: hellmonk_spider_rune_endless_swarm, uniq_bai_suzhen
Orc:1:    hellmonk_paralyzer, layout_diamond_mine
Orc:2:    pf_orc_diabolical, layout_diamond_mine, nicolae_orc_crystal_geode

Skill      XL: |  1  2  3  4  5  6  7  8  9 10 11 12 13 14 15 16 17 18 19 |
---------------+----------------------------------------------------------+-----
Axes           | 3 4 5 6 8 10 12 14 15 17 18 19 20 | 20.0
Shields        | 9 12 14 | 14.2
Armour         | 5 8 11 12 15 16 | 16.0
Dodging        | 2 6 8 |  8.0
Fighting       | 9 12 16 | 16.0
Invocations    | 3 11 12 | 12.0

Action                     |  1- 3 |  4- 6 |  7- 9 | 10-12 | 13-15 | 16-18 | 19-21 || total
---------------------------+-------+-------+-------+-------+-------+-------+-------++-------
  Melee: War axe           |     9 |     1 |   101 |       |       |       |       ||   111
         Dagger            |   102 |   127 |   206 |       |       |       |       ||   435
         Broad axe         |       |       |   125 |    32 |       |       |       ||   157
         Battleaxe         |       |       |       |   319 |   649 |   599 |   110 ||  1677
  Throw: Dart              |       |       |     8 |     5 |       |       |       ||    13
 Invoke: Divine Shield     |       |       |       |     1 |     5 |     3 |       ||     9
         Cleansing Flame   |       |       |       |       |       |     7 |       ||     7
         Summon Divine War |       |       |       |       |       |     1 |       ||     1
Ability: Dig               |       |       |     1 |       |     2 |     9 |       ||    12
  Evoke: Wand              |       |       |       |     1 |     1 |       |       ||     2
    Use: Scroll            |       |       |     9 |    16 |     9 |     3 |       ||    37
         Potion            |       |       |       |     1 |     3 |     4 |       ||     8
 Armour: Scale mail        |    39 |    19 |       |   110 |   168 |   451 |   112 ||   899
         Ring mail         |       |    21 |   268 |     1 |       |       |       ||   290
  Dodge: Dodged            |    35 |    66 |   263 |   145 |   350 |   491 |    69 ||  1419
         Repelled          |       |       |       |       |     3 |     3 |     1 ||     7
  Block: Buckler           |    25 |    31 |   118 |       |    10 |       |       ||   184
         Kite shield       |       |       |     4 |   181 |   357 |   479 |    74 ||  1095

Table legend: (Time is in decaauts)
 A = Elapsed time spent in this place.
 B = Non-inter-level travel time spent in this place.
 C = Inter-level travel time spent in this place.
 D = Time resting spent in this place.
 E = Time spent auto-exploring this place.
 F = Levels seen in this place.
 G = Mean time per level.
                   A        B        C        D        E       F      G
               +--------+--------+--------+--------+--------+-----+--------+
         Total |  27682 |  26226 |   1456 |   2953 |  16792 |  30 |  922.7 |
       Dungeon |  10399 |   9782 |    617 |    618 |   6991 |  12 |  866.6 |
        Temple |    157 |    146 |     11 |      0 |    126 |   1 |  157.0 |
          Lair |   6516 |   6052 |    464 |    697 |   4369 |   5 | 1303.2 |
        Shoals |   1359 |   1313 |     46 |     55 |    982 |   2 |  679.5 |
   Spider Nest |   4943 |   4731 |    212 |    621 |   2492 |   4 | 1235.8 |
  Orcish Mines |   2316 |   2212 |    104 |    470 |   1195 |   2 | 1158.0 |
         Abyss |    287 |    287 |      0 |      0 |     39 |   1 |  287.0 |
       Ossuary |    331 |    331 |      0 |     53 |    132 |   1 |  331.0 |
        Bailey |    563 |    563 |      0 |    155 |    214 |   1 |  563.0 |
      Ice Cave |    807 |    807 |      0 |    284 |    250 |   1 |  807.0 |
               +--------+--------+--------+--------+--------+-----+--------+

Top non-repeatable levels by time:
Spider:3: 1855 daAuts
   Orc:2: 1825 daAuts
  Lair:3: 1628 daAuts
     D:6: 1453 daAuts
  Lair:1: 1376 daAuts
  Lair:5: 1264 daAuts
  Lair:4: 1254 daAuts
Spider:4: 1249 daAuts
Shoals:1: 1219 daAuts
     D:9: 1170 daAuts
     D:4: 1158 daAuts
     D:5: 1142 daAuts
     D:3: 1008 daAuts
  Lair:2: 993 daAuts
Spider:2: 989 daAuts
